 Dungeon Crawl Stone Soup version 0.30.1-11-g7821555f0a (webtiles) character file.

Game seed: 16850273810187572074

2284 Cheops the Zephyrmancer (level 9, -1/45 HPs)
             Began as a Deep Elf Hedge Wizard on Dec 18, 2023.
             Killed from afar by a steam dragon (13 damage)
             ... with a ball of steam
             ... on level 7 of the Dungeon.
             The game lasted 00:40:47 (7901 turns).

Cheops the Zephyrmancer (Deep Elf Hedge Wizard)     Turns: 7901, Time: 00:40:47

Health: -1/45      AC:  7    Str:  7    XL:     9   Next: 17%
Magic:  12/20      EV: 17    Int: 30    God:
Gold:   266        SH:  0    Dex: 24    Spells: 1/20 levels left

rFire   . . .        a - +0 dagger (protect)
rCold   . . .        s - orb "Vicvuv" {mayhem, Harm rCorr Dex+4}
rNeg    . . .        q - +0 robe
rPois   .            g - +0 hat
rElec   .            (no cloak)
rCorr   +            (no gloves)
SInv    .            (no boots)
Will    .....        D - amulet of magic regeneration
Stlth   +++          t - +6 ring of dexterity
HPRegen 0.27/turn    B - +6 ring of intelligence
MPRegen 0.57/turn

%: harm (+30% outgoing, +20% incoming), mayhem
@: ice-armoured
A: no striking features
a: no special abilities


You were on level 7 of the Dungeon.
You visited 1 branch of the dungeon, and saw 7 of its levels.

You collected 383 gold pieces.
You spent 117 gold pieces at shops.

Inventory:

Hand Weapons
 a - a +0 dagger of protection (weapon)
Armour
 g - a +0 hat (worn)
 q - a +0 robe (worn)
 s - the orb "Vicvuv" (worn) {mayhem, Harm rCorr Dex+4}
   (You found it on level 2 of the Dungeon)

   Dex:       It affects your dexterity (+4).
   rCorr:     It protects you from acid and corrosion.
   Harm:      It increases damage dealt and taken.
Magical Staves
 b - a staff of earth
 c - a staff of death
Jewellery
 t - a +6 ring of dexterity (left hand)
 B - a +6 ring of intelligence (right hand)
 D - an amulet of magic regeneration (around neck)
 F - an amulet of reflection
Wands
 o - a wand of digging (7)
 p - a wand of flame (12)
 E - a wand of polymorph (8)
Scrolls
 f - 2 scrolls of amnesia
 h - 7 scrolls of teleportation
 k - a scroll of summoning
 n - 2 scrolls of fog
 v - a scroll of enchant armour
 w - 2 scrolls of immolation
 x - 2 scrolls of vulnerability
 y - 2 scrolls of fear
 C - a scroll of magic mapping
Potions
 d - 2 potions of magic
 e - 2 potions of ambrosia
 i - 3 potions of cancellation
 j - a potion of attraction
 l - 3 potions of might
 m - a potion of curing
 r - 2 potions of flight
 u - 2 potions of haste
 z - a potion of brilliance {unknown}
 A - a potion of lignification {unknown}
 G - a potion of mutation {unknown}


   Skills:
 + Level 6.2 Dodging
 - Level 2.4 Stealth
 - Level 6.0 Spellcasting
 - Level 5.0 Conjurations
 - Level 5.1 Summonings
 - Level 1.1 Translocations
 - Level 8.0 Air Magic
 - Level 2.0 Poison Magic
 - Level 2.0 Evocations


You had one spell level left.
You knew the following spells:

 Your Spells              Type           Power      Damage    Failure   Level
a - Magic Dart            Conj           100%       1d8       1%          1
b - Airstrike             Air            27%        2d(4-20)  1%          4
d - Static Discharge      Conj/Air       96%        2-6/arc   1%          2
m - Mephitic Cloud        Conj/Pois/Air  39%        N/A       1%          3
A - Ozocubu's Armour      Ice            9%         N/A       16%         3
I - Call Imp              Summ           80%        N/A       1%          2
L - Summon Lightning Spi  Summ/Air       48%        N/A       3%          4

Your spell library contained the following spells:

 Spells                   Type           Power      Damage    Failure   Level
 Slow                     Hex            36%        N/A       5%          1
 Cigotuvi's Dreadful Rot  Necr/Pois/Air  56%        N/A       1%          2
 Momentum Strike          Conj/Tloc      54%        3d9       2%          2
 Blink                    Tloc           30%        N/A       4%          2
 Lesser Beckoning         Tloc           30%        N/A       4%          2
 Petrify                  Tmut/Erth      9%         N/A       45%         4
 Metabolic Englaciation   Hex/Ice        4%         N/A       82%         5
 Statue Form              Tmut/Erth      6%         N/A       100%        6
 Ozocubu's Refrigeration  Ice            4%         4d8       100%        7
 Borgnjor's Revivificati  Necr           4%         N/A       100%        8
 Necromutation            Tmut/Necr      4%         N/A       100%        8
 Death's Door             Necr           4%         N/A       100%        9


Dungeon Overview and Level Annotations

Branches:
Dungeon (7/15)             Temple (0/1) D:7

Altars:
Hepliaklqana
Makhleb
Nemelex Xobeh
Okawaru
Qazlal
Xom
Zin

Shops:
D:1 *   D:7 [


Message History

There is a burning altar of Makhleb here.
A - a yellow potion
G - a puce potion
Found a book of Minor Magic.
A steam dragon comes into view.
A steam dragon is nearby!
A steam dragon is nearby!
A steam dragon is nearby!
A steam dragon is nearby!
Casting: Airstrike (dangerous; 1% risk of failure)
Confirm with . or Enter, or press ? or * to list all spells.
An electric hum fills the air.
The steam dragon breathes steam at you. The ball of steam hits you!!
Ouch! That really hurt!
* * * LOW HITPOINT WARNING * * *
The steam dragon bites you!
* * * LOW HITPOINT WARNING * * *
The steam dragon claws you but does no damage.
Your lightning spire shoots out a bolt of lightning at the steam dragon!
The bolt of electricity hits the steam dragon!
Casting: Summon Lightning Spire (dangerous; 3% risk of failure)
Confirm with . or Enter, or press ? or * to list all spells.
A film of ice covers your body! The steam dragon closely misses you. x2
Casting: Ozocubu's Armour (dangerous; 16% risk of failure)
Confirm with . or Enter, or press ? or * to list all spells.
Your icy armour thickens.
The steam dragon closely misses you. x2
Your lightning spire shoots out a bolt of lightning at the steam dragon!
The bolt of electricity hits the steam dragon!
You hear a howl!
Casting: Ozocubu's Armour (dangerous; 16% risk of failure)
Confirm with . or Enter, or press ? or * to list all spells.
Aiming: Airstrike (dangerous; 1% risk of failure)
Press: ? - help, Dir - move target, f - steam dragon
Aim: a steam dragon (severely wounded, not watching you, ally target, empty space bonus: 3/8)
The air twists around and strikes the steam dragon.
The steam dragon is severely wounded.
The steam dragon breathes steam at you. The ball of steam hits you!
You die...

####.##########.## #......#
####.# ###.### ##...###
##...#### #.....# #...#
##.#....# #.#.#.######...##.#.
.._..#..# #.#.#...............
##.####.# #..........<........
#... ..####.##................
##....#.##.......######...##.##
#...#....#.##@## #...# ...
.#####.....D.# #...# ## #.
#....##.#8# #...# #.#.##.##.#.#
..... ... #......# ...## ###
####.### #... ...:. ###....


You could see a steam dragon (catching breath, ally target) and a friendly
lightning spire (summoned).

Vanquished Creatures
  Grinder (D:3)
  Sigmund (D:2)
  A water moccasin (D:5)
  An orc warrior (D:7)
  2 black bears
  An ogre (D:4)
  2 centaurs
  A phantom (D:6)
  6 bullfrogs
  3 scorpions
  A howler monkey (D:5)
  2 jellies
  A hound (D:6)
  4 orc priests
  2 iguanas
  Jessica (D:3)
  Robin (D:2)
  7 gnolls
  2 adders
  2 ufetubi (D:6)
  3 worms
  23 orcs
  5 ball pythons
  7 bats
  5 endoplasms
  A giant cockroach (D:1)
  13 goblins
  7 hobgoblins
  4 jackals
  4 quokkas
  4 kobolds
  2 rats
120 creatures vanquished.

Vanquished Creatures (collateral kills)
  2 phantoms
  A jelly (D:6)
  2 jackals (D:5)
5 creatures vanquished.

Grand Total: 125 creatures vanquished

Notes
Turn   | Place    | Note
-------+----------+-------------------------------------------
     0 | D:1      | Cheops the Deep Elf Hedge Wizard began the quest for the
                  | Orb.
     0 | D:1      | Reached XP level 1. HP: 10/10 MP: 7/7
   464 | D:1      | Reached XP level 2. HP: 15/15 MP: 5/9
   615 | D:1      | Reached skill level 5 in Spellcasting
  1297 | D:1      | Found Yqumutza's General Store.
  1624 | D:2      | Noticed Robin
  1705 | D:2      | Killed Robin
  1849 | D:2      | Reached XP level 3. HP: 19/19 MP: 8/11
  1939 | D:2      | Noticed Sigmund
  1948 | D:2      | Killed Sigmund
  1949 | D:2      | Reached skill level 5 in Conjurations
  1949 | D:2      | Reached XP level 4. HP: 18/24 MP: 4/13
  1949 | D:2      | Reached XP level 5. HP: 22/28 MP: 4/14
  1952 | D:2      | Learned a level 2 spell: Call Imp
  1957 | D:2      | Learned a level 4 spell: Summon Lightning Spire
  2210 | D:2      | Learned a level 3 spell: Mephitic Cloud
  2262 | D:2      | Reached skill level 1 in Air Magic
  2480 | D:2      | Identified the orb "Vicvuv" {mayhem, Harm rCorr Dex+4}
  2807 | D:1      | Bought a scroll of teleportation for 39 gold pieces
  2807 | D:1      | Bought 3 scrolls of identify for 78 gold pieces
  2955 | D:3      | Reached skill level 1 in Poison Magic
  2957 | D:3      | Noticed Jessica
  2962 | D:3      | Killed Jessica
  2963 | D:3      | Reached XP level 6. HP: 32/32 MP: 9/15
  3054 | D:2      | Reached skill level 2 in Air Magic
  3576 | D:3      | Noticed Grinder
  3597 | D:3      | Killed Grinder
  3598 | D:3      | Reached skill level 3 in Air Magic
  3598 | D:3      | Reached XP level 7. HP: 31/36 MP: 1/16
  4196 | D:3      | Found a sparkling altar of Nemelex Xobeh.
  4249 | D:3      | Learned a level 2 spell: Static Discharge
  4805 | D:4      | Reached skill level 4 in Air Magic
  5215 | D:5      | Entered Level 5 of the Dungeon
  5310 | D:5      | Learned a level 4 spell: Airstrike
  5329 | D:5      | Reached skill level 5 in Summonings
  5433 | D:5      | Found an iron altar of Okawaru.
  5637 | D:5      | Reached skill level 5 in Air Magic
  5637 | D:5      | Reached skill level 1 in Evocations
  5637 | D:5      | Reached XP level 8. HP: 41/41 MP: 6/17
  6076 | D:5      | Found a stormy altar of Qazlal.
  6338 | D:6      | Reached skill level 6 in Air Magic
  6379 | D:6      | Found a hazy altar of Hepliaklqana.
  6379 | D:6      | Found a glowing silver altar of Zin.
  6477 | D:6      | Found a shimmering altar of Xom.
  6522 | D:6      | Reached skill level 7 in Air Magic
  7022 | D:6      | Reached skill level 8 in Air Magic
  7237 | D:6      | Reached XP level 9. HP: 35/45 MP: 15/20
  7243 | D:6      | Learned a level 3 spell: Ozocubu's Armour
  7404 | D:7      | Found Revvod's Armour Emporium.
  7474 | D:7      | Reached skill level 5 in Dodging
  7618 | D:7      | Found a staircase to the Ecumenical Temple.
  7645 | D:7      | Found a burning altar of Makhleb.
  7901 | D:7      | Killed from afar by a steam dragon

Illustrated notes

Levels and vault maps discovered:
D:1:      spicycebolla_arrival_ecumenical, layout_basic, serial_shops, shop,
          minmay_distorted
D:2:      layout_rooms, serial_corexii_hall, chequers_hall_statues_wall_a,
          chequers_hall_statues_y, corexii_hall_statues_u,
          corexii_hall_statues_i, kennysheep_nondescript, minivault_11,
          chequers_serial_rivers_micro_b, uniq_sigmund, uniq_robin
D:3:      cheibrodos_old_hovel, layout_basic, marbit_many_paths, uniq_jessica,
          uniq_grinder
D:4:      layout_gridville
D:5:      layout_rooms, mainiacjoe_overflow_small_starburst,
          mainiacjoe_overflow_chevrons, nicolae_fountain_basement
D:6:      layout_basic, gammafunk_temple_overflow_wave,
          mainiacjoe_overflow_catwalk, serial_bayou_pond_a,
          chequers_serial_rivers_small_b
D:7:      layout_loops_cross, lemuel_crystal_altar,
          minmay_temple_entry_large_hall, serial_shops, shop, minivault_25,
          dreamdust_princess_bridge, uniq_crazy_yiuf_cottage

Skill      XL: |  1  2  3  4  5  6  7  8  9 |
---------------+----------------------------+-----
Spellcasting   | 5 6 |  6.0
Conjurations   | 2 5 |  5.0
Summonings     | 2 3 5 |  5.1
Dodging        | 3 4 6 |  6.2
Air Magic      | 1 3 5 8 |  8.0
Poison Magic   | 1 2 |  2.0
Evocations     | 1 2 |  2.0
Stealth        | |  2.4
Translocations | |  1.1

Action                     |  1- 3 |  4- 6 |  7- 9 || total
---------------------------+-------+-------+-------++-------
  Melee: Staff             |       |     1 |       ||     1
         Dagger            |       |       |     6 ||     6
   Cast: Magic Dart        |    58 |   114 |   133 ||   305
         Call Imp          |       |     2 |       ||     2
         Airstrike         |       |       |    30 ||    30
         Summon Lightning  |       |       |     3 ||     3
         Static Discharge  |       |       |     1 ||     1
         Ozocubu's Armour  |       |       |     5 ||     5
    Use: Scroll            |       |     5 |    11 ||    16
 Armour: Robe              |     2 |     3 |     4 ||     9
  Dodge: Dodged            |     4 |    33 |    37 ||    74
